 Dungeon Crawl Stone Soup version 0.30.1 (webtiles) character file.

Game seed: 7153158843754437164

3877 Mischief the Magician (level 10, 0/72 HPs)
             Began as a Djinni Fire Elementalist on July 5, 2023.
             Was a Follower of Qazlal.
             Killed from afar by a kobold brigand (15 damage)
             ... with an iceblast
             ... on level 6 of the Dungeon.
             The game lasted 00:27:22 (9608 turns).

Mischief the Magician (Djinni Fire Elementalist)    Turns: 9608, Time: 00:27:23

Health: 0/72       AC:  5    Str: 11    XL:     10   Next: 42%
Gold:   971        EV: 15    Int: 16    God:    Qazlal [*.....] SH:  2 Dex: 15

rFire   + + .        l - +7 great sword
rCold   x . .        (shield currently unavailable)
rNeg    . . .        a - +1 robe
rPois   ∞            A - +1 hat
rElec   .            o - +0 cloak
rCorr   +            (no gloves)
SInv    .            (boots unavailable)
Will    +....        (no amulet)
Stlth   ++           b - ring of resist corrosion
HPRegen 0.32/turn    (no ring)
MPRegen 0.00/turn

%: infuse magic (-1 HP)
@: flying
A: sickness immunity, fire resistance 2, cold vulnerability 1, float, innate
caster, HP casting, extra vitality 1
a: Renounce Religion


You were on level 6 of the Dungeon.
You worshipped Qazlal.
Qazlal was aware of your devotion.
You visited 2 branches of the dungeon, and saw 7 of its levels.

You collected 971 gold pieces.

Inventory:

Hand Weapons
 f - a +0 scimitar
 h - a +1 short sword of electrocution
 k - a +2 dagger of freezing
 l - a +7 great sword (weapon)
 n - a +3 quarterstaff of chaos
 r - a +1 dagger of draining
 s - a +3 hand axe of freezing
 z - a +0 war axe of electrocution
 D - a +2 heavy scythe
Missiles
 x - 4 throwing nets
Armour
 a - a +1 robe (worn)
 o - a +0 cloak (worn)
 p - a +0 leather armour
 A - a +1 hat (worn)
Jewellery
 b - a ring of resist corrosion (left hand)
 w - an amulet of the acrobat
 y - a +5 ring of evasion
Wands
 t - a wand of quicksilver (12)
 C - a wand of flame (14)
Scrolls
 c - 2 scrolls of enchant weapon
 g - a scroll of amnesia
 i - a scroll of vulnerability
 m - 2 scrolls of enchant armour
 u - 2 scrolls of immolation
 E - a scroll of summoning {unknown}
 H - a scroll of fog {unknown}
Potions
 d - 4 potions of curing
 e - a potion of haste
 j - 3 potions of berserk rage
 q - a potion of ambrosia
 v - a potion of lignification
 B - a potion of heal wounds
 F - a potion of might
 G - a potion of degeneration {unknown}


   Skills:
 + Level 6.2 Fighting
 + Level 5.6 Long Blades
 + Level 7.4 Dodging
 - Level 1.5 Stealth
 * Level 7.5 Spellcasting


You knew the following spells:

 Your Spells              Type           Power      Damage    Failure   Level
a - Foxfire               Conj/Fire      100%       2x1d9     1%          1
b - Scorch                Fire           60%        2d7       1%          2
c - Volatile Blastmotes   Fire/Tloc      60%        2d15      1%          3
d - Inner Flame           Hex/Fire       30%        N/A       1%          3
e - Flame Wave            Conj/Fire      30%        2d9       5%          4
f - Apportation           Tloc           60%        N/A       1%          1
g - Passwall              Tmut/Erth      25%        N/A       1%          2
h - Ensorcelled Hibernat  Hex/Ice        60%        N/A       1%          2
i - Ignite Poison         Fire/Tmut/Pois 30%        N/A       1%          3
Your spell library was empty.

Dungeon Overview and Level Annotations

Branches:
Dungeon (6/15)             Temple (1/1) D:5

Altars:
Dithmenos
Elyvilon
Fedhas
Hepliaklqana
Nemelex Xobeh
Okawaru
Qazlal
Ru
Trog
Xom
The Shining One

Annotations:
D:3 Edmund


Innate Abilities, Weirdness & Mutations

You are immune to sickness and miasma.
You are immune to poison.
Your flesh is very heat resistant. (rF++)
You are vulnerable to cold. (rC-)
You float through the air rather than walking.
You learn spells naturally, not from books.
Your magical power is your life essence.
You have superior vitality. (+4 MHP)


Message History

A cloud of volatile blastmotes flares up around you!
The cloud of blastmotes explodes!
The concussive blast engulfs Pikel.
Pikel is almost dead.
The cloud of blastmotes explodes!
The concussive blast engulfs Pikel!
You kill Pikel!
Qazlal accepts your kill. The concussive blast engulfs you. You resist.
You are knocked back by the blast.
With Pikel's spell broken, his former minions thank you for their freedom.
The lemure departs this earthly plane.
The kobold brigand zaps a wand.
The mass of ice explodes!
The iceblast engulfs you!
You feel a painful chill!
Casting: Volatile Blastmotes (safe; 1% risk of failure)
Confirm with . or Enter, or press ? or * to list all spells.
A cloud of volatile blastmotes flares up around you!
The kobold brigand throws a curare-tipped dart.
The curare-tipped dart hits you.
Casting: Volatile Blastmotes (safe; 1% risk of failure)
Confirm with . or Enter, or press ? or * to list all spells.
A cloud of volatile blastmotes flares up around you!
The cloud of blastmotes explodes!
The concussive blast engulfs the kobold brigand!
The kobold brigand is heavily wounded.
The concussive blast engulfs you. You resist.
* * * LOW HITPOINT WARNING * * *
You are knocked back by the blast.
The cloud of blastmotes explodes!
The concussive blast engulfs you. You resist.
* * * LOW HITPOINT WARNING * * *
The concussive blast engulfs the kobold brigand!
The kobold brigand is severely wounded.
The kobold brigand is knocked back by the blast.
You are knocked back by the blast.
Casting: Volatile Blastmotes (safe; 1% risk of failure)
Confirm with . or Enter, or press ? or * to list all spells.
A cloud of volatile blastmotes flares up around you!
* * * LOW HITPOINT WARNING * * *
The kobold brigand throws a curare-tipped dart.
The curare-tipped dart hits you.
The kobold brigand zaps a wand.
The mass of ice explodes!
The iceblast engulfs you!
You feel a painful chill!
You die...

# #......# #.#
#...#..# #.#
###.#..# #.# ...
... #.# #.# ####
#.# ... #.# ### #.#
#.# #@# #.# #.# #§#
########## #K#
5.KK..K..# #.#
..######.#######.##
........5.§..K....#
..######.##########


You could see a kobold brigand (fast).

Vanquished Creatures
  Pikel (D:6)
  Grinder (D:6)
  Sigmund (D:6)
  2 vampire mosquitoes
  A water moccasin (D:6)
  An orc warrior (D:6)
  2 black bears
  An ogre (D:6)
  2 centaurs (D:6)
  A lemure (D:6)
  A kobold brigand (D:6)
  3 bullfrogs (D:6)
  2 gnoll sergeants (D:6)
  3 scorpions
  8 wights
  7 hounds
  2 gnoll boudas
  2 orc priests
  A jelly (D:4)
  5 iguanas
  Crazy Yiuf (D:3)
  3 sleepcaps
  Natasha (thrice) (D:3)
  5 orc wizards
  27 gnolls
  10 adders
  A river rat (D:5)
  A shadow imp (D:6)
  2 white imps
  4 dart slugs
  9 orcs
  3 endoplasms
  4 giant cockroaches
  5 goblins
  8 hobgoblins
  14 kobolds
  2 quokkas (D:1)
  6 ball pythons
  9 bats
  2 frilled lizards (D:1)
  7 rats
173 creatures vanquished.

Vanquished Creatures (others)
  869 foxfires
869 creatures vanquished.

Grand Total: 1042 creatures vanquished

Notes
Turn   | Place    | Note
-------+----------+-------------------------------------------
     0 | D:1      | Mischief the Djinni Fire Elementalist began the quest for
                  | the Orb.
     0 | D:1      | Mischief set off with the following spells memorised:
                  | Foxfire, Scorch, Volatile Blastmotes, Inner Flame, Flame
                  | Wave.
     0 | D:1      | Reached XP level 1. HP: 15/15 MP: 0/0
   378 | D:1      | Reached XP level 2. HP: 16/22 MP: 0/0
   741 | D:1      | Reached XP level 3. HP: 24/26 MP: 0/0
   741 | D:1      | Learned a level 1 spell: Apportation
  1169 | D:1      | Identified a scroll of acquirement
  1171 | D:1      | Acquired 623 gold pieces
  1255 | D:1      | Reached skill level 1 in Fighting
  1346 | D:2      | You are sucked into a shaft and drop 1 floor!
  1370 | D:3      | Reached skill level 1 in Long Blades
  1412 | D:3      | Reached XP level 4. HP: 30/32 MP: 0/0
  1421 | D:3      | Noticed Natasha
  1429 | D:3      | Killed Natasha
  1433 | D:3      | Noticed a black bear
  1443 | D:3      | Killed a black bear
  1444 | D:3      | Reached XP level 5. HP: 2/38 MP: 0/0
  1444 | D:3      | Learned a level 2 spell: Passwall
  1653 | D:3      | Reached XP level 6. HP: 37/43 MP: 0/0
  1763 | D:3      | Noticed Natasha
  1767 | D:3      | Killed Natasha
  2134 | D:3      | Noticed Natasha
  2140 | D:3      | Killed Natasha
  2268 | D:3      | Found a runed translucent door.
  2269 | D:3      | Noticed Crazy Yiuf
  2288 | D:3      | Killed Crazy Yiuf
  3341 | D:4      | Reached XP level 7. HP: 43/49 MP: 0/0
  3341 | D:4      | Learned a level 2 spell: Ensorcelled Hibernation
  3830 | D:4      | Noticed Edmund
  5093 | D:5      | Entered Level 5 of the Dungeon
  5119 | D:5      | Reached XP level 8. HP: 19/56 MP: 0/0
  5368 | D:6      | Reached skill level 5 in Spellcasting
  5373 | D:6      | Reached skill level 5 in Dodging
  5954 | D:5      | Reached XP level 9. HP: 28/63 MP: 0/0
  5954 | D:5      | Learned a level 3 spell: Ignite Poison
  6488 | D:5      | Found a staircase to the Ecumenical Temple.
  6517 | Temple   | Entered the Ecumenical Temple
  6579 | Temple   | Became a worshipper of Qazlal Stormbringer
  7273 | D:5      | Found a shadowy altar of Dithmenos.
  7282 | D:5      | Found a blossoming altar of Fedhas.
  7472 | D:5      | Reached skill level 5 in Fighting
  7596 | D:5      | Found a bloodstained altar of Trog.
  7612 | D:5      | Found an iron altar of Okawaru.
  8030 | D:6      | Reached * piety under Qazlal
  8738 | D:6      | Reached skill level 5 in Long Blades
  8867 | D:6      | Reached XP level 10. HP: 63/71 MP: 0/0
  9245 | D:6      | Noticed Sigmund
  9251 | D:6      | Killed Sigmund
  9428 | D:6      | Noticed Grinder
  9436 | D:6      | Paralysed by Grinder for 5 turns
  9442 | D:6      | Killed Grinder
  9580 | D:6      | Noticed Pikel
  9600 | D:6      | Killed Pikel
  9608 | D:6      | Killed from afar by a kobold brigand

Illustrated notes

Levels and vault maps discovered:
D:1:      evilmike_arrival_crescent, layout_loops_corners,
          minmay_misc_feat_roman, minmay_box_of_dots
D:2:      layout_basic
D:3:      layout_basic, uniq_crazy_yiuf_cottage, uniq_natasha
D:4:      layout_layer_cave, minmay_misc_feat_rows, hellmonk_no_cap, uniq_edmund
D:5:      layout_basic, grunt_temple_overflow_bloody_war,
          mainiacjoe_overflow_swirl, minmay_temple_entry_waves,
          portal_sewer_entry_a
D:6:      kennysheep_housing_project, layout_basic,
          chequers_hall_statues_corner_a, uniq_grinder, uniq_sigmund, uniq_pikel
Temple:   nicolae_temple_cloud_nine

Skill      XL: |  1  2  3  4  5  6  7  8  9 10 |
---------------+-------------------------------+-----
Fighting       | 1 2 3 4 5 6 |  6.2
Long Blades    | 1 2 3 5 |  5.6
Spellcasting   | 3 4 5 6 7 |  7.5
Dodging        | 3 4 5 6 7 |  7.4
Stealth        | |  1.5

Action                     |  1- 3 |  4- 6 |  7- 9 | 10-12 || total
---------------------------+-------+-------+-------+-------++-------
  Melee: Unarmed           |     2 |       |       |       ||     2
         Scimitar          |       |     5 |       |       ||     5
         Great sword       |       |       |     5 |       ||     5
   Cast: Foxfire           |   118 |   151 |   241 |    38 ||   548
         Apportation       |     1 |     2 |     2 |       ||     5
         Scorch            |       |     6 |    53 |     2 ||    61
         Passwall          |       |     1 |       |       ||     1
         Volatile Blastmot |       |       |    46 |    24 ||    70
         Flame Wave        |       |       |     1 |       ||     1
    Use: Scroll            |     5 |     1 |    12 |       ||    18
         Potion            |       |       |     2 |       ||     2
   Stab: Sleeping          |     1 |       |       |       ||     1
 Armour: Robe              |     2 |    11 |    28 |     2 ||    43
  Dodge: Dodged            |    15 |    28 |   140 |    13 ||   196
  Block: Other             |       |       |       |     2 ||     2
